 Dungeon Crawl Stone Soup version 0.26-b1-32-g5d43845318 (webtiles) character file.

Game seed: 11864718086680404421

251 HoaS the Ruffian (level 6, -6/48 HPs)
             Began as a Ghoul Gladiator on Jan 5, 2021.
             Mangled by an ogre
             ... wielding a +0 giant spiked club
              (11 damage)
             ... on level 4 of the Dungeon.
             The game lasted 00:06:39 (2335 turns).

HoaS the Ruffian (Ghoul Gladiator)                  Turns: 2335, Time: 00:06:40

Health: -6/48      AC: 10    Str: 20    XL:     6   Next: 13%
Magic:  5/5        EV:  8    Int:  3    God:
Gold:   184        SH:  0    Dex: 10    Spells: 5/5 levels left

rFire    . . .     SeeInvis .     - Unarmed
rCold    + . .     Faith    .   (no shield)
rNeg     + + +     Spirit   .   b - +0 chain mail
rPois    ∞         Reflect  .   g - +1 helmet
rElec    .         Harm     .   (no cloak)
rCorr    .         Rampage  .   (no gloves)
Will     .....                  (no boots)
Stlth    ..........             (no amulet)
HPRegen  0.00/turn              j - ring of stealth
MPRegen  0.09/turn              (no ring)

@: no status effects
A: claws 1, cold resistance 1, negative energy resistance 3, inhibited
regeneration, torment resistance, unbreathing
a: no special abilities


You were on level 4 of the Dungeon.
You visited 1 branch of the dungeon, and saw 4 of its levels.

You collected 184 gold pieces.

Inventory:

Missiles
 c - 2 throwing nets (quivered)
Armour
 b - a +0 chain mail (worn)
 g - a +1 helmet (worn)
Jewellery
 j - a ring of stealth (left claw)
Scrolls
 a - a scroll of identify
 i - 3 scrolls of remove curse
 k - a scroll of teleportation
Potions
 d - 2 potions of haste
 e - a potion of curing
 f - a potion of cancellation
 h - a potion of brilliance {unknown}


   Skills:
 - Level 2.1 Fighting
 - Level 1.7 Throwing
 - Level 1.7 Armour
 - Level 2.6 Dodging
 - Level 0.2 Stealth
 + Level 6.9 Unarmed Combat


You had 5 spell levels left.
You didn't know any spells.
Your spell library was empty.

Dungeon Overview and Level Annotations

Branches:
Dungeon (4/15)
 Temple: D:4-7

Altars:
Uskayaw
Xom

Shops:
D:4 *


Innate Abilities, Weirdness & Mutations

You thrive by killing the living.
You are immune to poison.
You have sharp fingernails.
Your flesh is cold resistant. (rC+)
You are immune to negative energy. (rN+++)
You do not regenerate when monsters are visible.
You are immune to unholy pain and torment.
You can survive without breathing.


Message History

The ogre struggles against the net.
You scratch the ogre but do no damage.
The ogre is severely wounded.
The ogre struggles against the net.
The net rips apart, and the ogre comes free!
You scratch the ogre.
The ogre is almost dead.
You barely miss the ogre.
The ogre is almost dead.
The ogre hits you with a +0 giant spiked club!
* * * LOW HITPOINT WARNING * * *
You barely miss the ogre.
The ogre is severely wounded.
The ogre barely misses you.
You scratch the ogre.
The ogre is almost dead.
You completely miss the ogre.
The ogre is almost dead.
The ogre hits you with a +0 giant spiked club!
You die...

.. .. .###
... .. #.
##O########
#..@......#
#.........#
#.........#
#.....!...#
####'######
#.#####
##.....#
#......#
#......#


You could see an ogre.

Vanquished Creatures
  An orc priest (D:2)
  Terence (D:2)
  An orc wizard (D:3)
  A worker ant (D:4)
  4 adders
  An ooze (D:1)
  An adder skeleton (D:4)
  A dart slug (D:1)
  9 leopard geckos
  13 orcs
  A ball python (D:2)
  2 giant cockroaches (D:1)
  8 goblins
  4 hobgoblins
  9 jackals
  7 kobolds
  A quokka (D:3)
  7 bats
  4 frilled lizards
  A leopard gecko skeleton (D:4)
  3 rats
80 creatures vanquished.

Notes
Turn   | Place    | Note
-------+----------+-------------------------------------------
     0 | D:1      | HoaS the Ghoul Gladiator began the quest for the Orb.
     0 | D:1      | Reached XP level 1. HP: 17/17 MP: 0/0
    27 | D:1      | Reached XP level 2. HP: 22/24 MP: 1/1
    68 | D:1      | Reached skill level 4 in Unarmed Combat
   229 | D:1      | Reached XP level 3. HP: 29/29 MP: 2/2
   723 | D:2      | Reached skill level 5 in Unarmed Combat
   723 | D:2      | Reached XP level 4. HP: 35/36 MP: 3/3
   954 | D:2      | Noticed Terence
   960 | D:2      | Killed Terence
   961 | D:2      | Reached skill level 1 in Armour
  1484 | D:2      | Reached XP level 5. HP: 17/41 MP: 4/4
  1666 | D:3      | Reached skill level 6 in Unarmed Combat
  1730 | D:3      | Found a shimmering altar of Xom.
  1733 | D:3      | Found a shimmering altar of Xom.
  1733 | D:3      | Found a shimmering altar of Xom.
  1858 | D:3      | Noticed a +0 hand axe
  1859 | D:3      | Noticed a +0 dagger
  1862 | D:3      | Found a hide-covered altar of Uskayaw.
  2238 | D:4      | Reached XP level 6. HP: 48/48 MP: 5/5
  2253 | D:4      | Found Meghofia's Assorted Antiques.
  2335 | D:4      | Mangled by an ogre

Illustrated notes

Levels and vault maps discovered:
D:1:      minmay_arrival_plants_in_alcoves, layout_rooms,
          chequers_hall_statues_wall_a
D:2:      layout_loops_ring, feat_on_display, uniq_terence
D:3:      layout_basic, xom_redecorated, dancing_weapons_uskayaw
D:4:      layout_basic, lemuel_round_altar, lemuel_round_altar, serial_shops,
          nicolae_shop_crystal, uniq_robin

Skill      XL: |  1  2  3  4  5 |
---------------+----------------+-----
Unarmed Combat | 4 5 6 |  6.9
Armour         | 1 |  1.7
Fighting       | |  2.1
Throwing       | |  1.7
Dodging        | |  2.6
Stealth        | |  0.2

Action                   |  1- 3 |  4- 6 || total
-------------------------+-------+-------++-------
Melee: Unarmed           |   104 |   162 ||   266
       Punch             |     3 |     2 ||     5
Throw: Throwing net      |       |     1 ||     1
  Use: Scroll            |     6 |     6 ||    12
 Stab: Held in net/web   |       |     1 ||     1
Armor: Leather armour    |     8 |       ||     8
       Ring mail         |    17 |       ||    17
       Scale mail        |    16 |    11 ||    27
       Chain mail        |       |    72 ||    72
Dodge: Dodged            |    69 |    76 ||   145
